 Dungeon Crawl Stone Soup version 0.29.0-4-gdea44cf6ec (webtiles) character file.

Game seed: 9773062226575936416

7177 qw the Cleaver (level 11, -8/87 HPs)
             Began as a Formicid Cinder Acolyte on Sept 3, 2022.
             Was an Initiate of Okawaru.
             Mangled by a boulder beetle (19 damage)
             ... on level 10 of the Dungeon.
             The game lasted 00:04:44 (10452 turns).

qw the Cleaver (Formicid Cinder Acolyte)           Turns: 10452, Time: 00:04:44

Health: -8/87      AC: 17    Str: 24    XL:     11   Next: 32%
Magic:  12/12      EV:  7    Int: 13    God:    Okawaru [......]
Gold:   272        SH:  4    Dex:  9    Spells: 12/12 levels left

rFire   . . .      SeeInvis +   Y - +0 executioner's axe
rCold   . . .      Faith    .   q - +0 buckler
rNeg    + . .      Spirit   .   p - +0 plate armour
rPois   +          Reflect  .   (helmet unavailable)
rElec   .          Harm     .   f - +2 cloak {rPois}
rCorr   .          Rampage  .   (no gloves)
Will    +....                   k - +0 pair of boots
Stlth   ..........              (no amulet)
HPRegen 0.24/turn               l - ring of protection from fire
MPRegen 0.13/turn               e - ring of positive energy

@: fire susceptible
A: permanent stasis, dig shafts and tunnels, antennae 3, four strong arms
a: Dig, Shaft Self, Renounce Religion


You were on level 10 of the Dungeon.
You worshipped Okawaru.
Okawaru was noncommittal.
You visited 2 branches of the dungeon, and saw 12 of its levels.

You collected 634 gold pieces.
You spent 362 gold pieces at shops.


Innate Abilities, Weirdness & Mutations

You cannot be hasted, slowed, berserked, paralysed or teleported.
You can dig through walls and to a lower floor.
You have a pair of large antennae on your head. (SInv)
Your four strong arms can wield two-handed weapons with a shield.


   Skills:
 - Level 8.8 Fighting
 - Level 13.0 Axes
 - Level 2.1 Throwing
 - Level 6.4 Armour
 - Level 2.3 Dodging
 + Level 5.0 Shields
 - Level 1.1 Spellcasting
 - Level 3.0 Fire Magic


You had 12 spell levels left.
You didn't know any spells.
Your spell library contained the following spells:

 Spells                   Type           Power      Damage    Failure   Level
 Scorch                   Fire           16%        2d6       91%         2

Inventory:

Hand Weapons
 a - a -1 hand axe of flaming
 Y - a +0 executioner's axe (weapon)
Missiles
 d - 10 boomerangs (quivered)
Armour
 f - a +2 cloak of poison resistance (worn)
 k - a +0 pair of boots (worn)
 p - a +0 plate armour (worn)
 q - a +0 buckler (worn)
Jewellery
 e - a ring of positive energy (right hand)
 l - a ring of protection from fire (left hand)
Scrolls
 g - 9 scrolls of identify
Potions
 b - 5 potions of curing
 j - a potion of haste
 m - 2 potions of might
 n - 2 potions of mutation

Dungeon Overview and Level Annotations

Branches:
Dungeon (11/15)            Temple (1/1) D:5
   Lair: D:8-11         Orc: D:9-12

Altars:
Ashenzari
Cheibriados
Dithmenos
Elyvilon
Fedhas
Gozag
Hepliaklqana
Makhleb
Nemelex Xobeh
Okawaru
Qazlal
Ru
Sif Muna
Trog
Uskayaw
Vehumet
Wu Jian
Xom
Yredelemnul
Zin
The Shining One

Shops:
D:2 (   D:8 (   D:9 [

Annotations:
D:7 2 transporters, qw's ghost, novice TrCA


Message History

Enter note: A boulder beetle comes into view.
The boulder beetle curls into a ball and begins rolling!
Throw: 10 boomerangs
Press: ? - help, Q - select action Shift-Dir - straight line, f - boulder beetle You throw a boomerang.
The boomerang hits the boulder beetle but does no damage.
Throw: 10 boomerangs
Press: ? - help, Q - select action Shift-Dir - straight line, f/p - boulder beetle You throw a boomerang.
The boomerang hits the boulder beetle but does no damage.
The boulder beetle hits you!!!
The boulder beetle stops rolling and uncurls.
You hit the boulder beetle.
The boulder beetle is lightly wounded.
The boulder beetle bites you!!
You hit the boulder beetle.
The boulder beetle is lightly wounded.
The boulder beetle bites you!
10447 ||| DRINKING potion of heal wounds.
You feel much better. The boulder beetle bites you!
You slash the boulder beetle!
The boulder beetle is moderately wounded.
The boulder beetle bites you but does no damage.
You slash the boulder beetle!
The boulder beetle is moderately wounded.
The boulder beetle bites you!
The boulder beetle leaps!
Throw: 10 boomerangs
Press: ? - help, Q - select action Shift-Dir - straight line, f/p - boulder beetle You throw a boomerang.
The boomerang hits the boulder beetle!
The boulder beetle is heavily wounded.
The boulder beetle curls into a ball and begins rolling!
Throw: 10 boomerangs
Press: ? - help, Q - select action Shift-Dir - straight line, f/p - boulder beetle You throw a boomerang.
The boomerang hits the boulder beetle but does no damage.
The boulder beetle is heavily wounded.
The boulder beetle hits you!!
You die...

... ...... ..
#.. .^...#
..###..###.....#
...............+
...............#
........>......#
...##...####...#
...##...####...#
.....0B@.......
....0..........
...0...........
#+#####...#####
#...# #....
#..... #......


You could see a boulder beetle (rolling).

Vanquished Creatures
  Nergalle (D:10)
  Pikel (D:4)
  Maggie (D:9)
  2 hornets
  11 yaks
  A steam dragon (D:7)
  Menkaure (D:6)
  A water moccasin (D:8)
  Duvessa (D:4)
  An ice beast (D:5)
  3 orc warriors
  A black bear (D:6)
  A sky beast (D:6)
  4 lemures (D:4)
  A phantom (D:4)
  A kobold brigand (D:8)
  2 bullfrogs
  4 scorpions
  2 necrophages
  15 wights
  Dowan (D:4)
  4 killer bees (D:9)
  6 howler monkeys
  2 hounds
  2 jellies
  4 orc priests
  2 gnoll boudas
  2 iguanas
  15 orc wizards
  Ijyb (D:4)
  Robin (D:4)
  8 gnolls
  9 river rats (D:5)
  4 adders
  A shadow imp (D:5)
  3 white imps
  An ufetubus (D:5)
  2 worms
  2 dart slugs
  40 orcs
  4 ball pythons
  5 endoplasms
  2 giant cockroaches
  17 goblins
  8 hobgoblins
  4 jackals (D:4)
  3 quokkas
  3 bats
  2 frilled lizards
  11 kobolds
  18 rats
242 creatures vanquished.

Vanquished Creatures (others)
  2 plants (D:6)
2 creatures vanquished.

Grand Total: 244 creatures vanquished

Notes
Turn   | Place    | Note
-------+----------+-------------------------------------------
     0 | D:1      | qw the Formicid Cinder Acolyte began the quest for the Orb.
     0 | D:1      | Reached XP level 1. HP: 18/18 MP: 2/2
     0 | D:1      | 0 ||| qw: Version: 0.1-a-102-g441f92d
     0 | D:1      | 0 ||| qw: Game counter: 5237
     0 | D:1      | 0 ||| qw: Always use a shield: true
     0 | D:1      | 0 ||| qw: God list: Okawaru
     0 | D:1      | 0 ||| qw: Allow faded altars: false
     0 | D:1      | 0 ||| qw: Do Orc after D:15 true
     0 | D:1      | 0 ||| qw: Do second Lair branch before Depths: true
     0 | D:1      | 0 ||| qw: Lair rune preference: random
     0 | D:1      | 0 ||| qw: Plans: Normal
     0 | D:1      | 0 ||| PLANNING D:1-11
    43 | D:1      | 43 ||| Stepping ~*~*~tactically~*~*~ (stealth).
   136 | D:1      | Reached XP level 2. HP: 24/24 MP: 3/3
   557 | D:1      | Found a faded altar of an unknown god.
   739 | D:1      | 739 ||| Stepping ~*~*~tactically~*~*~ (stealth).
   740 | D:1      | 740 ||| Stepping ~*~*~tactically~*~*~ (stealth).
   791 | D:1      | 791 ||| INVOKING Fiery Armour.
   940 | D:1      | 940 ||| UPGRADING to scarf of repulsion.
   945 | D:1      | 945 ||| UPGRADING to +0 chain mail.
   955 | D:1      | 955 ||| DROPPING +0 robe.
   956 | D:1      | 956 ||| UPGRADING to ring of protection from fire.
   957 | D:1      | 957 ||| READING scroll labelled SAP NOIZXUHEFIN.
   958 | D:1      | 958 ||| READING scroll labelled VUGUGUJAUKH.
   959 | D:1      | 959 ||| READING scroll labelled YJOIKA ONOTZ.
   987 | D:2      | Reached XP level 3. HP: 29/29 MP: 4/4
  1007 | D:2      | Found Lulebril's Weapon Boutique.
  1046 | D:2      | Reached skill level 1 in Armour
  1059 | D:2      | 1059 ||| Stepping ~*~*~tactically~*~*~ (stealth).
  1064 | D:2      | Reached skill level 4 in Axes
  1065 | D:2      | 1065 ||| Stepping ~*~*~tactically~*~*~ (stealth).
  1080 | D:2      | 1080 ||| Stepping ~*~*~tactically~*~*~ (stealth).
  1083 | D:2      | 1083 ||| Stepping ~*~*~tactically~*~*~ (stealth).
  1084 | D:2      | 1084 ||| Stepping ~*~*~tactically~*~*~ (stealth).
  1086 | D:2      | 1086 ||| Stepping ~*~*~tactically~*~*~ (stealth).
  1087 | D:2      | 1087 ||| Stepping ~*~*~tactically~*~*~ (stealth).
  1266 | D:2      | Reached XP level 4. HP: 32/35 MP: 5/5
  1470 | D:2      | 1470 ||| BUYING +0 war axe (35 gold).
  1470 | D:2      | Bought a +0 war axe for 35 gold pieces
  1470 | D:2      | 1470 ||| SWAPPING to +0 war axe.
  1489 | D:2      | 1489 ||| READING scroll labelled FELA NIHOACO.
  1490 | D:2      | 1490 ||| READING scroll labelled BAGISO LOLO.
  1490 | D:2      | Identified a scroll of acquirement
  1490 | D:2      | 1490 ||| ACQUIRING +2 vorpal battleaxe
  1490 | D:2      | Acquired a +2 vorpal battleaxe
  1492 | D:2      | 1492 ||| SWAPPING to +2 vorpal battleaxe.
  1493 | D:2      | 1493 ||| DROPPING +0 war axe.
  1494 | D:2      | 1494 ||| READING scroll labelled ONUG SEGROBI.
  1495 | D:2      | 1495 ||| READING scroll labelled FETANI CEMNOJU.
  1496 | D:2      | 1496 ||| READING scroll labelled DESMEL XISH.
  1497 | D:2      | 1497 ||| DRINKING 2 pink potions.
  1498 | D:2      | 1498 ||| DRINKING 2 amethyst potions.
  1526 | D:2      | 1526 ||| DRINKING 2 metallic brown potions.
  1527 | D:2      | 1527 ||| DROPPING potion of brilliance.
  1528 | D:2      | 1528 ||| DROPPING potion of lignification.
  1585 | D:3      | Found a white marble altar of Elyvilon.
  1707 | D:3      | 1707 ||| Stepping ~*~*~tactically~*~*~ (stealth).
  1740 | D:3      | 1740 ||| READING scroll of acquirement.
  1740 | D:3      | 1740 ||| ACQUIRING +2 cloak of poison resistance
  1740 | D:3      | Acquired a +2 cloak of poison resistance
  1742 | D:3      | 1742 ||| UPGRADING to +2 cloak of poison resistance.
  1752 | D:3      | 1752 ||| DROPPING scarf of repulsion.
  1754 | D:3      | Found a blossoming altar of Fedhas.
  1781 | D:3      | 1781 ||| FLEEEEING.
  1783 | D:3      | 1783 ||| FLEEEEING.
  1784 | D:3      | 1784 ||| FLEEEEING.
  1790 | D:3      | 1790 ||| STAIRDANCE
  1904 | D:2      | 1904 ||| READING 2 scrolls of identify.
  1904 | D:2      | 1904 ||| IDENTIFYING fizzy grey potion
  1905 | D:2      | 1905 ||| DROPPING potion of flight.
  1913 | D:3      | 1913 ||| Stepping ~*~*~tactically~*~*~ (stealth).
  2256 | D:3      | You fall into a shaft and drop 3 floors!
  2271 | D:6      | 2271 ||| READING scroll labelled KEAKIWU QUNEBY.
  2272 | D:6      | 2272 ||| READING 3 scrolls of identify.
  2272 | D:6      | 2272 ||| IDENTIFYING fuming blue potion
  2273 | D:6      | 2273 ||| READING 2 scrolls of identify.
  2273 | D:6      | 2273 ||| IDENTIFYING glowing clear potion
  2274 | D:6      | 2274 ||| DROPPING potion of degeneration.
  2280 | D:5      | Entered Level 5 of the Dungeon
  2281 | D:5      | Noticed an ice beast
  2288 | D:5      | Killed an ice beast
  2289 | D:5      | Reached skill level 5 in Axes
  2289 | D:5      | Reached XP level 5. HP: 30/41 MP: 6/6
  2384 | D:5      | Reached XP level 6. HP: 26/47 MP: 7/7
  2506 | D:5      | 2506 ||| Stepping ~*~*~tactically~*~*~ (stealth).
  2510 | D:5      | 2510 ||| Stepping ~*~*~tactically~*~*~ (stealth).
  2536 | D:5      | 2536 ||| Stepping ~*~*~tactically~*~*~ (stealth).
  2538 | D:5      | 2538 ||| Stepping ~*~*~tactically~*~*~ (hiding).
  2539 | D:5      | 2539 ||| Stepping ~*~*~tactically~*~*~ (hiding).
  2656 | D:5      | 2656 ||| READING 2 scrolls of identify.
  2656 | D:5      | 2656 ||| IDENTIFYING silvery potion
  2664 | D:4      | 2664 ||| PLANNING SEWER
  2667 | D:4      | Reached skill level 6 in Axes
  2721 | D:4      | 2721 ||| Stepping ~*~*~tactically~*~*~ (stealth).
  2722 | D:4      | 2722 ||| Stepping ~*~*~tactically~*~*~ (stealth).
  2724 | D:4      | 2724 ||| Stepping ~*~*~tactically~*~*~ (stealth).
  2734 | D:4      | 2734 ||| INVOKING Fiery Armour.
  2979 | D:4      | Noticed Ijyb
  2980 | D:4      | 2980 ||| Stepping ~*~*~tactically~*~*~ (stealth).
  2985 | D:4      | 2985 ||| Stepping ~*~*~tactically~*~*~ (hiding).
  2992 | D:4      | Killed Ijyb
  2994 | D:4      | 2994 ||| Stepping ~*~*~tactically~*~*~ (stealth).
  2998 | D:4      | 2998 ||| Stepping ~*~*~tactically~*~*~ (stealth).
  3000 | D:4      | 3000 ||| Stepping ~*~*~tactically~*~*~ (stealth).
  3001 | D:4      | 3001 ||| Stepping ~*~*~tactically~*~*~ (stealth).
  3002 | D:4      | 3002 ||| Stepping ~*~*~tactically~*~*~ (stealth).
  3006 | D:4      | 3006 ||| Stepping ~*~*~tactically~*~*~ (stealth).
  3007 | D:4      | 3007 ||| INVOKING Fiery Armour.
  3011 | D:4      | Reached skill level 1 in Dodging
  3011 | D:4      | Reached XP level 7. HP: 54/54 MP: 8/8
  3014 | D:4      | 3014 ||| Stepping ~*~*~tactically~*~*~ (stealth).
  3016 | D:4      | 3016 ||| Stepping ~*~*~tactically~*~*~ (stealth).
  3028 | D:4      | Reached skill level 7 in Axes
  3057 | D:4      | Noticed Duvessa
  3058 | D:4      | 3058 ||| FLEEEEING.
  3059 | D:4      | 3059 ||| FLEEEEING.
  3060 | D:4      | 3060 ||| FLEEEEING.
  3067 | D:4      | Noticed Dowan
  3069 | D:4      | 3069 ||| Stepping ~*~*~tactically~*~*~ (hiding).
  3071 | D:4      | 3071 ||| Stepping ~*~*~tactically~*~*~ (hiding).
  3074 | D:4      | Noticed Pikel
  3076 | D:4      | Killed Duvessa
  3077 | D:4      | Killed Dowan
  3081 | D:4      | Killed Pikel
  3082 | D:4      | Reached skill level 6 in Armour
  3082 | D:4      | Reached XP level 8. HP: 45/60 MP: 9/9
  3129 | D:4      | 3129 ||| Stepping ~*~*~tactically~*~*~ (stealth).
  3130 | D:4      | 3130 ||| Stepping ~*~*~tactically~*~*~ (stealth).
  3132 | D:4      | 3132 ||| Stepping ~*~*~tactically~*~*~ (stealth).
  3134 | D:4      | 3134 ||| Stepping ~*~*~tactically~*~*~ (stealth).
  3215 | D:4      | 3215 ||| Stepping ~*~*~tactically~*~*~ (stealth).
  3292 | D:4      | 3292 ||| Stepping ~*~*~tactically~*~*~ (stealth).
  3294 | D:4      | 3294 ||| INVOKING Fiery Armour.
  3298 | D:4      | Noticed Robin
  3301 | D:4      | 3301 ||| RIP SEWER
  3302 | D:4      | 3302 ||| PLANNING D:1-11
  3307 | D:4      | Killed Robin
  3327 | D:4      | 3327 ||| DRINKING 2 clear potions.
  3428 | D:4      | 3428 ||| DROPPING potion of ambrosia.
  3727 | D:3      | 3727 ||| DROPPING +6 ring of intelligence.
  3804 | D:4      | Found a shimmering altar of Xom.
  3892 | D:5      | 3892 ||| STAIRDANCE
  3975 | D:5      | Found a staircase to the Ecumenical Temple.
  3986 | D:5      | 3986 ||| Stepping ~*~*~tactically~*~*~ (stealth).
  3987 | D:5      | 3987 ||| Stepping ~*~*~tactically~*~*~ (stealth).
  3989 | D:5      | 3989 ||| Stepping ~*~*~tactically~*~*~ (stealth).
  4038 | D:5      | Reached skill level 8 in Axes
  4069 | D:5      | 4069 ||| INVOKING Fiery Armour.
  4074 | D:5      | Reached XP level 9. HP: 63/66 MP: 10/10
  4534 | D:5      | 4534 ||| READING scroll labelled XECZOI XUXABU.
  5121 | D:6      | Noticed Menkaure
  5122 | D:6      | 5122 ||| Stepping ~*~*~tactically~*~*~ (hiding).
  5130 | D:6      | 5130 ||| INVOKING Fiery Armour.
  5131 | D:6      | Killed Menkaure
  5132 | D:6      | Reached skill level 9 in Axes
  5151 | D:6      | 5151 ||| Stepping ~*~*~tactically~*~*~ (stealth).
  5152 | D:6      | 5152 ||| Stepping ~*~*~tactically~*~*~ (stealth).
  5339 | D:6      | Found a sacrificial altar of Ru.
  5339 | D:6      | Found a broken altar of Ashenzari.
  5673 | D:6      | Found a glowing golden altar of the Shining One.
  5674 | D:6      | 5674 ||| DROPPING amulet of magic regeneration.
  5675 | D:6      | 5675 ||| UPGRADING to ring of positive energy.
  5676 | D:6      | 5676 ||| READING 4 scrolls of identify.
  5676 | D:6      | 5676 ||| IDENTIFYING blue potion
  5677 | D:6      | 5677 ||| READING 3 scrolls of identify.
  5677 | D:6      | 5677 ||| IDENTIFYING viscous yellow potion
  5708 | D:7      | 5708 ||| Stepping ~*~*~tactically~*~*~ (hiding).
  5709 | D:7      | 5709 ||| Stepping ~*~*~tactically~*~*~ (hiding).
  5767 | D:7      | 5767 ||| Stepping ~*~*~tactically~*~*~ (hiding).
  5771 | D:7      | Reached skill level 6 in Fighting
  5787 | D:7      | 5787 ||| INVOKING Fiery Armour.
  5998 | D:7      | 5998 ||| DRINKING 6 potions of curing.
  5998 | D:7      | 5998 ||| (to cure confusion)
  6000 | D:7      | 6000 ||| DRINKING 5 potions of curing.
  6000 | D:7      | 6000 ||| (to cure confusion)
  6035 | D:7      | Noticed a hornet
  6041 | D:7      | Killed a hornet
  6075 | D:7      | 6075 ||| Stepping ~*~*~tactically~*~*~ (stealth).
  6142 | D:7      | Noticed qw's ghost (novice TrCA)
  6145 | D:7      | Noticed an unseen horror
  6145 | D:7      | Noticed a slime creature
  6179 | D:7      | Found a transporter.
  6182 | D:7      | Noticed a slime creature
  6204 | D:7      | Found a transporter.
  6288 | D:7      | 6288 ||| Stepping ~*~*~tactically~*~*~ (hiding).
  6300 | D:7      | Reached skill level 10 in Axes
  6454 | D:7      | 6454 ||| READING scroll labelled TOTIR VONUENE.
  6455 | D:7      | 6455 ||| READING scroll labelled IKISUO BESO.
  6559 | D:8      | 6559 ||| Stepping ~*~*~tactically~*~*~ (hiding).
  6570 | D:8      | Reached XP level 10. HP: 59/77 MP: 11/11
  6669 | D:8      | 6669 ||| INVOKING Fiery Armour.
  6685 | D:8      | 6685 ||| Stepping ~*~*~tactically~*~*~ (stealth).
  6713 | D:8      | 6713 ||| Stepping ~*~*~tactically~*~*~ (stealth).
  6714 | D:8      | 6714 ||| Stepping ~*~*~tactically~*~*~ (stealth).
  6721 | D:8      | 6721 ||| Stepping ~*~*~tactically~*~*~ (stealth).
  6724 | D:8      | 6724 ||| Stepping ~*~*~tactically~*~*~ (stealth).
  6725 | D:8      | 6725 ||| Stepping ~*~*~tactically~*~*~ (stealth).
  6763 | D:8      | 6763 ||| Stepping ~*~*~tactically~*~*~ (stealth).
  6766 | D:8      | 6766 ||| FLEEEEING.
  6767 | D:8      | 6767 ||| FLEEEEING.
  6770 | D:8      | 6770 ||| Stepping ~*~*~tactically~*~*~ (hiding).
  6772 | D:8      | 6772 ||| INVOKING Fiery Armour.
  6803 | D:8      | 6803 ||| FLEEEEING.
  6989 | D:8      | 6989 ||| INVOKING Fiery Armour.
  6991 | D:8      | Reached skill level 11 in Axes
  7160 | D:8      | 7160 ||| Stepping ~*~*~tactically~*~*~ (stealth).
  7385 | D:8      | Found Buceehat's Weapon Shop.
  7393 | D:8      | 7393 ||| BUYING +0 executioner's axe (110 gold).
  7393 | D:8      | Bought a +0 executioner's axe for 110 gold pieces
  7393 | D:8      | 7393 ||| SWAPPING to +0 executioner's axe.
  7394 | D:8      | 7394 ||| DROPPING +3 vorpal battleaxe.
  7719 | D:8      | 7719 ||| UPGRADING to +0 pair of boots.
  7724 | D:8      | 7724 ||| DROPPING +0 ring mail of poison resistance.
  7725 | D:8      | 7725 ||| DROPPING ring of flight.
  7726 | D:8      | 7726 ||| READING scroll labelled ESIV MOLARI.
  7784 | D:9      | 7784 ||| Stepping ~*~*~tactically~*~*~ (stealth).
  7795 | D:9      | 7795 ||| INVOKING Fiery Armour.
  8325 | D:9      | 8325 ||| Stepping ~*~*~tactically~*~*~ (stealth).
  8362 | D:9      | Found an ornate altar of the Wu Jian Council.
  8430 | D:9      | Noticed Maggie
  8440 | D:9      | Killed Maggie
  8602 | D:9      | 8602 ||| Stepping ~*~*~tactically~*~*~ (stealth).
  8604 | D:9      | 8604 ||| Stepping ~*~*~tactically~*~*~ (hiding).
  8610 | D:9      | 8610 ||| INVOKING Fiery Armour.
  8618 | D:9      | HP: 20/80 [orc warrior/+0 flail (4)]
  8619 | D:9      | 8619 ||| DRINKING 4 potions of heal wounds.
  8624 | D:9      | Reached skill level 12 in Axes
  8840 | D:9      | 8840 ||| Stepping ~*~*~tactically~*~*~ (stealth).
  8864 | D:9      | 8864 ||| FLEEEEING.
  8865 | D:9      | 8865 ||| FLEEEEING.
  8869 | D:9      | 8869 ||| FLEEEEING.
  8870 | D:9      | 8870 ||| FLEEEEING.
  8935 | D:9      | 8935 ||| Stepping ~*~*~tactically~*~*~ (stealth).
  8939 | D:9      | 8939 ||| Stepping ~*~*~tactically~*~*~ (stealth).
  8947 | D:9      | Reached XP level 11. HP: 60/86 MP: 12/12
  8953 | D:9      | 8953 ||| INVOKING Fiery Armour.
  8962 | D:9      | HP: 15/86 [orc priest/divine providence (11)]
  8963 | D:9      | 8963 ||| DRINKING 3 potions of heal wounds.
  9206 | D:9      | Reached skill level 13 in Axes
  9297 | D:9      | HP: 21/87 [wight/+0 morningstar (8)]
  9298 | D:9      | 9298 ||| DRINKING 2 potions of heal wounds.
  9496 | D:9      | Found Pyfub's Antique Armour Emporium.
  9501 | D:9      | 9501 ||| BUYING pair of glowing boots (217 gold).
  9501 | D:9      | Bought a pair of glowing boots for 217 gold pieces
  9501 | D:9      | 9501 ||| SHOPLISTING runed plate armour (754 gold, have
                  | 207).
  9593 | D:9      | 9593 ||| Stepping ~*~*~tactically~*~*~ (stealth).
  9602 | D:9      | 9602 ||| Stepping ~*~*~tactically~*~*~ (stealth).
  9657 | D:9      | 9657 ||| PLANNING TEMPLE
  9657 | D:9      | 9657 ||| DROPPING +1 scale mail of poison resistance.
  9658 | D:9      | 9658 ||| UPGRADING to +0 plate armour.
  9668 | D:9      | 9668 ||| DROPPING +0 chain mail.
  9669 | D:9      | 9669 ||| UPGRADING to +0 buckler.
  9674 | D:9      | 9674 ||| DROPPING +0 pair of boots of stealth.
  9675 | D:9      | 9675 ||| READING scroll labelled ILULE IBOHE.
  9860 | D:9      | 9860 ||| READING 9 scrolls of identify.
  9860 | D:9      | 9860 ||| IDENTIFYING ruby potion
  9861 | D:9      | 9861 ||| DROPPING potion of attraction.
 10017 | Temple   | Entered the Ecumenical Temple
 10069 | Temple   | 10069 ||| PLANNING CONVERSION TO OKAWARU
 10076 | Temple   | Fell from the grace of Ignis
 10076 | Temple   | Became a worshipper of Warmaster Okawaru
 10077 | Temple   | 10077 ||| PLANNING D:1-11
 10231 | D:10     | Entered Level 10 of the Dungeon
 10286 | D:10     | Noticed Nergalle
 10287 | D:10     | 10287 ||| Stepping ~*~*~tactically~*~*~ (hiding).
 10289 | D:10     | 10289 ||| Stepping ~*~*~tactically~*~*~ (hiding).
 10306 | D:10     | Killed Nergalle
 10328 | D:10     | You fall into a shaft and drop 1 floor!
 10441 | D:10     | Noticed a boulder beetle
 10446 | D:10     | HP: 20/87 [boulder beetle (10)]
 10447 | D:10     | 10447 ||| DRINKING potion of heal wounds.
 10452 | D:10     | Mangled by a boulder beetle

Levels and vault maps discovered:
D:1:      wander_arrival_estate, layout_loops_cross,
          hellmonk_ecumenical_altar_inner_sanctum, grunt_decor_one_mirror,
          nicolae_titane
D:2:      minmay_wonky_spiral, layout_rooms, serial_shops,
          nicolae_shop_waterfront, minmay_tree_intersection
D:3:      layout_basic, mainiacjoe_overflow_paths, lemuel_tele_altar,
          minmay_misc_feat_room, chequers_serial_rivers_small_3
D:4:      layout_rooms, mainiacjoe_overflow_tiny_flanked, gup_sewer_entry_bowl,
          uniq_duvessa, uniq_robin, uniq_ijyb, uniq_pikel
D:5:      layout_gridville, minmay_temple_entry_sparse_star, dk_rats_in_the_wall
D:6:      layout_basic, gammafunk_temple_overflow_statue, tso_oasis_becter,
          uniq_menkaure
D:7:      minmay_flawed_box, layout_rooms, nzn_ghost_randoct,
          uniq_crazy_yiuf_cottage
D:8:      layout_basic, serial_shops, nicolae_shop_bloodbath_and_beyond,
          minmay_diced_spiral
D:9:      layout_loops_ring, mainiacjoe_overflow_alcove_4, serial_shops,
          nicolae_shop_behind_doors, uniq_maggie
D:10:     layout_stronghold, lemuel_mausoleum_altar_kikubaaqudgha,
          david_orc_1_choice, serial_shops, nicolae_shop_hallway_stairs,
          nicolae_shop_crystal, shop_fountains, uniq_nergalle, uniq_lodul,
          uniq_fannar
D:11:     layout_irregular_city, erik_lair_dragon, serial_shops, shop,
          nicolae_trove_entry_columns, uniq_gastronok, uniq_urug
Temple:   compressed_dpeg_circular_temple

Skill      XL: |  1  2  3  4  5  6  7  8  9 10 11 |
---------------+----------------------------------+-----
Armour         | 1 2 6 |  6.4
Axes           | 4 5 6 7 8 10 12 13 | 13.0
Fighting       | 4 6 8 |  8.8
Dodging        | 1 2 |  2.3
Throwing       | 2 |  2.1
Shields        | 5 |  5.0
Spellcasting   | |  1.1
Fire Magic     | |  3.0

Action                   |  1- 3 |  4- 6 |  7- 9 | 10-12 || total
-------------------------+-------+-------+-------+-------++-------
Melee: Hand axe          |    57 |     5 |       |       ||    62
       Battleaxe         |       |    60 |   188 |    44 ||   292
       Punch             |       |     2 |     1 |     3 ||     6
       Executioner's axe |       |       |       |   181 ||   181
Throw: Boomerang         |    33 |    40 |    42 |    56 ||   171
Invok: Fiery Armour      |     1 |     2 |     4 |     6 ||    13
  Use: Scroll            |     3 |    11 |     5 |     3 ||    22
       Potion            |       |     3 |     3 |     4 ||    10
Armor: Robe              |     3 |       |       |       ||     3
       Chain mail        |    18 |    46 |   139 |   121 ||   324
       Plate armour      |       |       |       |    11 ||    11
Dodge: Dodged            |    16 |    29 |    90 |    99 ||   234
       Repelled          |     1 |       |       |       ||     1
Block: Buckler           |       |       |       |     3 ||     3

Table legend:
 A = Non-vault XP
 B = Vault XP
 C = Vault XP percentage of total XP
 D = Non-vault monster count
 E = Vault monster count
 F = Vault count percentage of total count
                 A         B        C        D         E       F
            +---------+---------+-------+---------+---------+-------
      Total |    7119 |    3135 |  30.6 |     181 |      57 |  23.9
            +---------+---------+-------+---------+---------+-------
        D:1 |      28 |       0 |   0.0 |      17 |       0 |   0.0
        D:2 |      48 |       4 |   7.7 |      17 |       2 |  10.5
        D:3 |      31 |       0 |   0.0 |      13 |       0 |   0.0
        D:4 |     438 |     924 |  67.8 |      18 |      19 |  51.4
        D:5 |     577 |     133 |  18.7 |      21 |      21 |  50.0
        D:6 |     466 |     172 |  27.0 |      15 |       1 |   6.2
        D:7 |     637 |     211 |  24.9 |      10 |       6 |  37.5
        D:8 |     749 |     564 |  43.0 |      27 |       6 |  18.2
        D:9 |    4145 |     346 |   7.7 |      43 |       1 |   2.3
       D:10 |       0 |     781 | 100.0 |       0 |       1 | 100.0
            +---------+---------+-------+---------+---------+-------
